 Dungeon Crawl Stone Soup version 0.18.1-5-g4a78601 (webtiles) character file.

61 dysrexia the Grasshopper (level 3, -4/16 HPs)
             Began as a Felid Warper on May 12, 2016.
             Slain by a river rat (7 damage)
             ... on level 3 of the Dungeon.
             The game lasted 00:07:04 (3033 turns).

dysrexia the Grasshopper (Felid Warper)             Turns: 3033, Time: 00:07:05

Health: -4/16      AC:  1    Str:  7    XL:     3   Next: 83%
Magic:  7/7        EV: 18    Int: 14    God:
Gold:   82         SH:  0    Dex: 16    Spells: 2 memorised, 3 levels left
                                        Lives:  0   Deaths: 0

rFire  . . .     SeeInvis +       - Unarmed
rCold  . . .     Gourm    .     (armour unavailable)
rNeg   . . .     Faith    .     (shield unavailable)
rPois  .         Spirit   .     (helmet unavailable)
rElec  .         Dismiss  .     (cloak unavailable)
rCorr  .         Reflect  .     (gloves unavailable)
SustAt .         Harm     .     (boots unavailable)
MR     .....                    (no amulet)
Stlth  +++.......               (no ring)
                                (no ring)

@: quick, not resistant to hostile enchantments, fairly stealthy
A: no armour, no weapons or thrown items, claws 1, fangs 3, see invisible,
carnivore 3, speed 1, shaggy fur 1, slow metabolism 1, sharp paws
a: no special abilities


You were on level 3 of the Dungeon.
You were completely stuffed.

You visited 1 branch of the dungeon, and saw 3 of its levels.

You collected 82 gold pieces.

Inventory:

Scrolls
 b - 2 scrolls of blinking
 d - a scroll of identify
 e - a scroll of fog
Potions
 g - 3 potions of curing
Books
 a - a book of Spatial Translocations

   Spells                             Type                      Level
   a - Apportation                    Translocation                1
   b - Blink                          Translocation                2
   c - Shroud of Golubria             Charms/Translocation         2
   d - Portal Projectile              Translocation                3
   e - Teleport Other                 Translocation                3
   f - Passage of Golubria            Translocation                4
Comestibles
 c - a meat ration
 h - a slice of pizza


   Skills:
 - Level 2.0 Fighting
 - Level 3.2 Dodging
 + Level 2.4 Stealth
 * Level 3.7 Unarmed Combat
 - Level 2.0 Spellcasting
 - Level 4.4 Translocations


You had 3 spell levels left.
You knew the following spells:

 Your Spells              Type           Power        Failure   Level  Hunger
a - Apportation           Tloc           ##........   4%          1    ##.....
b - Blink                 Tloc           N/A          10%         2    ###....


Dungeon Overview and Level Annotations

Branches:
Dungeon (3/15)

Altars:
Ashenzari

Portals:
Sewer: D:3

Annotations:
D:1 exclusion: door


Innate Abilities, Weirdness & Mutations

You cannot wear armour.
You are incapable of wielding weapons or throwing items.
You have sharp claws.
You have razor-sharp teeth.
You have supernaturally acute eyesight.
You are carnivorous and can eat meat at any time.
You cover ground quickly.
You are covered in fur (AC +1).
You have a slow metabolism.
Your sharp claws are effective at attacking unaware monsters.


Message History

You closely miss the river rat. The river rat completely misses you.
You scratch the river rat.
The river rat is heavily wounded.
The river rat misses you.
You closely miss the river rat.
The river rat is heavily wounded.
The river rat bites you.
You scratch the river rat.
The river rat is almost dead.
The river rat twitches its whiskers.
The river rat bites you!
* * * LOW HITPOINT WARNING * * *
You closely miss the river rat.
The river rat is almost dead.
The river rat barely misses you.
You scratch the river rat but do no damage.
You bite the river rat.
The river rat is almost dead.
The river rat bites you!
You die...

### #.. #.#
#.#######.#
#.†@......#
#.##r####.#
#.#≈≈≈≈s#.######
#.#≈≈∩≈≈#..#...#
#.#≈≈≈≈≈#......#####
#.#≈≈≈≈≈#...........
#.#######........###
#...........<.......
#####..#####...#.###


You could see a river rat.

Vanquished Creatures
  An adder (D:2)
  An ooze (D:2)
  3 worms
  A dart slug (D:2)
  2 ball pythons (D:2)
  4 bats
  2 giant cockroaches (D:3)
  4 goblins
  3 hobgoblins
  5 kobolds
  3 quokkas
  7 rats
36 creatures vanquished.

Notes
Turn   | Place    | Note
--------------------------------------------------------------
     0 | D:1      | dysrexia the Felid Warper began the quest for the Orb.
     0 | D:1      | Reached XP level 1. HP: 9/9 MP: 4/4
     6 | D:1      | lol
   433 | D:1      | You fall through a shaft!
   448 | D:2      | Reached skill level 1 in Stealth
   636 | D:1      | Reached XP level 2. HP: 9/13 MP: 6/6
   730 | D:1      | Learned a level 2 spell: Blink
  1398 | D:2      | Found a shattered altar of Ashenzari.
  1517 | D:2      | Reached XP level 3. HP: 6/16 MP: 7/7
  2994 | D:3      | Found a glowing drain.
  3033 | D:3      | Slain by a river rat

Skill      XL: |  1  2  3 |
---------------+----------+-----
Stealth        | 1 2 |  2.4
Unarmed Combat | 3 |  3.7
Fighting       | |  2.0
Dodging        | |  3.2
Spellcasting   | |  2.0
Translocations | |  4.4

Action                   || total
-------------------------++-------
Melee: Unarmed           ||   124
       Bite              ||    10
  Use: Scroll            ||     3
 Stab: Sleeping          ||     7
  Eat: Chunk             ||    11
Armor: Skin              ||     2
Dodge: Dodged            ||    88
